 Dungeon Crawl Stone Soup version 0.32-a0-953-g508020473e (webtiles) character file.

Game seed: 1678684261118975260

799 inmateoo the Chopper (level 7, 0/61 HPs)
             Began as a Mountain Dwarf Fighter on Apr 16, 2024.
             Slain by Pikel
             ... wielding a +1 whip of electrocution
              (12 damage)
             ... on level 4 of the Dungeon.
             The game lasted 00:04:09 (3575 turns).

inmateoo the Chopper (Mountain Dwarf Fighter)       Turns: 3575, Time: 00:04:10

Health: 0/61       AC: 10    Str: 20    XL:     7   Next: 59%
Magic:  7/7        EV:  9    Int:  9    God:
Gold:   195        SH:  5    Dex:  9    Spells: 6/6 levels left

rFire   + . .        t - +1 hand axe (drain)
rCold   . . .        c - +0 buckler
rNeg    . . .        o - +3 leather armour {rF+}
rPois   .            (no helmet)
rElec   .            h - +0 cloak
rCorr   +            (no gloves)
SInv    +            p - +1 pair of boots
Will    .....        (no amulet)
Stlth   +            f - ring of resist corrosion
HPRegen 0.30/turn    r - ring of see invisible
MPRegen 0.10/turn

%: no passive effects
@: studying Shields
A: runic magic, artefact enchanting
a: no special abilities


You were on level 4 of the Dungeon.
You visited 1 branch of the dungeon, and saw 5 of its levels.

You collected 195 gold pieces.

Inventory:

Hand Weapons
 a - a +0 war axe
 t - a +1 hand axe of draining (weapon)
Armour
 c - a +0 buckler (worn)
 h - a +0 cloak (worn)
 o - a +3 leather armour of fire resistance (worn)
 p - a +1 pair of boots (worn)
Jewellery
 f - a ring of resist corrosion (left hand)
 r - a ring of see invisible (right hand)
Scrolls
 b - a scroll of identify
 g - 4 scrolls of teleportation
 i - a scroll of fear
 l - a scroll of enchant armour
 m - a scroll of blinking
 s - a scroll of poison
Potions
 d - a potion of might
 e - 2 potions of invisibility
 j - 2 potions of cancellation
 k - a potion of ambrosia
 q - a potion of resistance


   Skills:
 + Level 5.2 Fighting
 * Level 6.8 Axes
 + Level 5.2 Armour
 + Level 0.2 Dodging
 + Level 6.4 Shields


You had 6 spell levels left.
You didn't know any spells.
Your spell library contained the following spells:

 Spells                   Type           Power      Damage    Failure   Level
 Call Canine Familiar     Summ           0%         N/A       83%         3
 Inner Flame              Hex/Fire       0%         N/A       83%         3
 Sigil of Binding         Hex            0%         N/A       83%         3
 Dimensional Bullseye     Hex/Tloc       0%         N/A       99%         4
 Flame Wave               Conj/Fire      0%         2d4       99%         4
 Sticky Flame             Fire/Alch      0%         2d4       99%         4
 Alistair's Intoxication  Alch           0%         N/A       100%        5
 Borgnjor's Vile Clutch   Necr/Erth      0%         N/A       100%        5
 Eringya's Noxious Bog    Alch           0%         4d6       100%        6


Dungeon Overview and Level Annotations

Branches:
Dungeon (5/15)
 Temple: D:4-7

Altars:
Uskayaw

Shops:
D:1 [

Annotations:
D:4 Pikel


Innate Abilities, Weirdness & Mutations

Your spellcasting is much less encumbered by armour.
You can use scrolls of enchantment on lesser artefacts.


Message History

You hit the lemure.
The lemure is almost dead.
The lemure hits you but does no damage.
You slash the lemure!
You kill the lemure!
That felt strangely unrewarding.
You hit Pikel.
Pikel is lightly wounded.
Pikel hits you with a +1 whip of electrocution.
You barely miss Pikel.
Pikel is lightly wounded.
Pikel hits you with a +1 whip of electrocution!
You barely miss Pikel.
Pikel is lightly wounded.
Pikel hits you with a +1 whip of electrocution.
You miss Pikel.
Pikel is lightly wounded.
Pikel hits you with a +1 whip of electrocution.
You hit Pikel but do no damage. You drain Pikel.
Pikel is lightly wounded.
Pikel closely misses you.
You barely miss Pikel.
Pikel is lightly wounded.
Pikel completely misses you.
You hit Pikel but do no damage.
Pikel is lightly wounded.
Pikel hits you but does no damage.
You are electrocuted!!
* * * LOW HITPOINT WARNING * * *
You are too injured to fight recklessly!
You hit Pikel but do no damage.
Pikel is lightly wounded.
Pikel hits you with a +1 whip of electrocution.
* * * LOW HITPOINT WARNING * * *
You barely miss Pikel.
Pikel is lightly wounded.
Pikel hits you with a +1 whip of electrocution.
* * * LOW HITPOINT WARNING * * *
You are electrocuted!
You die...
Pikel says, "See you in Hell!"

...# #.##.....................#
...## ##.#.#...............#.....
..#<###.#.########...##########.#
.......##.# #...# #...
.####..##.# #...# #.##
.####..##.# #...# #.##
<#........# #...# #.##
.#.##.##..########...# #.##
.#.##........>.K@...## #.##
......#...#...####..# #...
...####..###........#############
##........#...#.............#
######.##.#<.#.##.########.#
#.......#.....# #.#
#.............# ####.####
#.##.#.#####..# #.......#
#.##.#...))...# #.##.##.#


You could see Pikel (drained).

Vanquished Creatures
  Grinder (D:4)
  The ghost of wogdood the Trooper, an amateur KoBe of Trog (D:3)
  4 lemures
  A howler monkey (D:4)
  4 orc priests
  A jelly (D:4)
  3 iguanas (D:4)
  An orc wizard (D:4)
  3 gnolls (D:4)
  7 adders
  A white imp (D:4)
  4 dart slugs
  5 ribbon worms
  7 orcs
  2 endoplasms (D:2)
  3 giant cockroaches
  14 goblins
  10 hobgoblins
  2 jackals (D:1)
  4 quokkas
  10 ball pythons
  A bat (D:1)
  2 frilled lizards
  4 kobolds (D:1)
  8 rats
103 creatures vanquished.

Notes
Turn   | Place    | Note
-------+----------+-------------------------------------------
     0 | D:1      | inmateoo the Mountain Dwarf Fighter began the quest for the
                  | Orb.
     0 | D:1      | Reached XP level 1. HP: 19/19 MP: 1/1
    43 | D:1      | Reached XP level 2. HP: 26/26 MP: 2/2
   510 | D:1      | Reached XP level 3. HP: 31/31 MP: 3/3
   568 | D:1      | Found Dati's Armour Shoppe.
   967 | D:2      | Reached XP level 4. HP: 40/40 MP: 4/4
  1050 | D:2      | Found a hide-covered altar of Uskayaw.
  1339 | D:2      | Identified a scroll of acquirement
  1339 | D:2      | Acquired a manual of Shields
  1516 | D:3      | Found a runed translucent door.
  1542 | D:3      | Noticed wogdood's ghost (amateur KoBe)
  1602 | D:3      | Found a faded altar of an unknown god.
  1636 | D:3      | Reached XP level 5. HP: 46/46 MP: 5/5
  1993 | D:3      | Killed wogdood's ghost
  1994 | D:3      | Reached skill level 5 in Axes
  1994 | D:3      | Reached skill level 5 in Shields
  1994 | D:3      | Reached XP level 6. HP: 43/53 MP: 6/6
  2704 | D:4      | Reached XP level 7. HP: 49/60 MP: 7/7
  2826 | D:4      | Noticed Grinder
  2835 | D:4      | Paralysed by Grinder for 4 turns
  2857 | D:4      | Killed Grinder
  2858 | D:4      | Reached skill level 5 in Fighting
  2858 | D:4      | Reached skill level 5 in Armour
  3319 | D:5      | Entered Level 5 of the Dungeon
  3319 | D:5      | Noticed Pikel
  3575 | D:4      | Slain by Pikel

Illustrated notes

Levels and vault maps discovered:
D:1:      dpeg_arrival_simpleton_a, layout_basic, serial_shops, shop
D:2:      cheibrodos_greedy_goblins, layout_basic, basic_altar
D:3:      layout_rooms, basic_ecumenical_altar, ebering_ghost_sewer_d,
          kennysheep_generic_room_14
D:4:      layout_loops_cross, uniq_grinder
D:5:      layout_gridville, minmay_temple_entry_trees, minmay_misc_feat_chi,
          uniq_pikel, uniq_eustachio, uniq_duvessa

Skill      XL: |  1  2  3  4  5  6  7 |
---------------+----------------------+-----
Axes           | 3 4 5 6 |  6.8
Shields        | 4 5 6 |  6.4
Fighting       | 4 5 |  5.2
Armour         | 4 5 |  5.2
Dodging        | |  0.2

Action                     |  1- 3 |  4- 6 |  7- 9 || total
---------------------------+-------+-------+-------++-------
  Melee: War axe           |   104 |   176 |     1 ||   281
         Hand axe          |       |       |   119 ||   119
    Use: Scroll            |       |    13 |     1 ||    14
 Armour: Scale mail        |    89 |    75 |       ||   164
         Leather armour    |       |    68 |    83 ||   151
  Dodge: Dodged            |    52 |   109 |    35 ||   196
  Block: Buckler           |    19 |    32 |    18 ||    69

Table legend: (Time is in decaauts)
 A = Elapsed time spent in this place.
 B = Non-inter-level travel time spent in this place.
 C = Inter-level travel time spent in this place.
 D = Time resting spent in this place.
 E = Time spent auto-exploring this place.
 F = Levels seen in this place.
 G = Mean time per level.
                   A        B        C        D        E       F      G
               +--------+--------+--------+--------+--------+-----+--------+
         Total |   3666 |   3588 |     78 |    896 |   1777 |   5 |  733.2 |
       Dungeon |   3666 |   3588 |     78 |    896 |   1777 |   5 |  733.2 |
               +--------+--------+--------+--------+--------+-----+--------+

Top non-repeatable levels by time:
     D:4: 1336 daAuts
     D:3: 840 daAuts
     D:2: 819 daAuts
     D:1: 663 daAuts
     D:5: 6 daAuts
